 Dungeon Crawl Stone Soup version 0.17.1-1-g73c8601 (webtiles) character file.

63 penguinsfan71 the Grave Robber (level 3, -1/24 HPs)
             Began as a Vampire Necromancer on Feb 3, 2016.
             Slain by a giant cockroach (2 damage)
             ... on level 2 of the Dungeon.
             The game lasted 00:08:17 (1507 turns).

penguinsfan71 the Grave Robber (VpNe)               Turns: 1507, Time: 00:08:17

Health: -1/24      AC:  2    Str:  7    XL:     3   Next: 87%
Magic:  15/16      EV: 12    Int: 18    God:
Gold:   118        SH:  0    Dex: 14    Spells: 1 memorised, 6 levels left

rFire  . . .     SeeInvis +     m - +2 quarterstaff (crush)
rCold  . . .     Clarity  .     a - +0 robe
rNeg   + . .     SustAt   .     (shield currently unavailable)
rPois  .         Gourm    .     (no helmet)
rElec  .         Spirit   .     (no cloak)
rCorr  .         Warding  .     (no gloves)
rMut   .         Stasis   .     (no boots)
MR     .....                    (no amulet)
Stlth  ++........               (no ring)
                                l - ring of magical power

@: very slightly contaminated, not resistant to hostile enchantments, unstealthy
A: fangs 3, see invisible, unbreathing
a: Bat Form


You were on level 2 of the Dungeon.
You were not thirsty.

You visited 1 branch of the dungeon, and saw 2 of its levels.

You collected 118 gold pieces.

Inventory:

Hand Weapons
 e - a +0 hand axe
 g - a +0 short sword
 h - a +0 spear
 m - a +2 quarterstaff of crushing (weapon)
 n - a +0 dagger
 o - a +0 hunting sling
 q - a cursed -3 dagger
Missiles
 i - a throwing net (quivered)
 p - 41 stones
Armour
 a - a +0 robe (worn)
Jewellery
 l - a ring of magical power (left hand)
Scrolls
 k - 2 scrolls of immolation {unknown}
 r - a scroll of remove curse {unknown}
 s - a scroll of noise {unknown}
Potions
 c - 17 potions of blood
 d - 2 potions of curing {unknown}
 f - a potion of flight {unknown}
 j - 3 potions of agility {unknown}
Books
 b - a book of Necromancy

   Spells                             Type                      Level
   a - Pain                           Necromancy                   1
   b - Animate Skeleton               Necromancy                   1
   c - Vampiric Draining              Necromancy                   3
   d - Regeneration                   Charms/Necromancy            3
   e - Animate Dead                   Necromancy                   4
   f - Control Undead                 Necromancy                   4


   Skills:
 + Level 0.1 Axes
 + Level 2.3 Dodging
 + Level 3.0 Stealth
 + Level 2.9 Spellcasting
 + Level 5.3 Necromancy


You had 6 spell levels left.
You knew the following spells:

 Your Spells              Type           Power        Failure   Level  Hunger
a - Pain                  Necr           ###.         1%          1    None


Dungeon Overview and Level Annotations

Branches:
Dungeon (2/15)

Altars:

Annotations:
D:1 Robin


Innate Abilities, Weirdness & Mutations

You have razor-sharp teeth.
You have supernaturally acute eyesight.
You can survive without breathing.


Message History

You sock the kobold!
You kill the kobold!
The giant gecko misses you. The giant cockroach closely misses you.
The giant gecko bites you.
You barely miss the giant gecko. The giant cockroach barely misses you.
The giant gecko closely misses you.
The giant cockroach bites you but does no damage.
You closely miss the giant gecko. The giant gecko bites you.
The giant cockroach bites you. The giant gecko bites you.
* * * LOW HITPOINT WARNING * * *
The giant cockroach bites you.
* * * LOW HITPOINT WARNING * * *
You fail to use your ability.
The giant gecko barely misses you. The giant cockroach barely misses you.
You fail to use your ability.
The giant gecko barely misses you. The giant cockroach barely misses you.
You fail to use your ability.
The giant gecko bites you.
* * * LOW HITPOINT WARNING * * *
The giant cockroach bites you.
You die...

#.# #.#
#.# #.#
###+###.#
........#
.......(#
......sl#
......)@#
........#
####.##.#
#..#)#
##.#.#
#...#
##..#
##..###
#..>..#


You could see a giant gecko and a giant cockroach.

Vanquished Creatures
  An adder (D:2)
  2 worms (D:2)
  A giant gecko (D:1)
  4 giant cockroaches (D:1)
  5 hobgoblins
  6 kobolds
  2 bats (D:1)
  3 giant newts (D:1)
  13 goblins
  10 rats (D:1)
47 creatures vanquished.

Notes
Turn   | Place    | Note
--------------------------------------------------------------
     0 | D:1      | penguinsfan71 the Vampire Necromancer began the quest for the Orb.
     0 | D:1      | Reached XP level 1. HP: 13/13 MP: 3/3
   272 | D:1      | Reached XP level 2. HP: 16/19 MP: 3/5
   453 | D:1      | Reached skill level 5 in Necromancy
   730 | D:1      | Reached XP level 3. HP: 22/24 MP: 6/6
   824 | D:2      | Noticed Robin
  1507 | D:2      | HP: 1/24 [giant gecko (3)]
  1507 | D:2      | Slain by a giant cockroach

Action                   || total
-------------------------++-------
Melee: Hand axe          ||    27
       Quarterstaff      ||    10
 Cast: Pain              ||    57
 Abil: End Transformatio ||     1
       Bat Form          ||     1
  Use: Potion            ||     5
 Stab: Sleeping          ||     1
